 Dungeon Crawl Stone Soup version 0.20.1-1-g8b1a95d (webtiles) character file.

220 Gremour the Slasher (level 5, -6/61 HPs)
             Began as a Demonspawn Fighter on Dec 11, 2017.
             Killed by divine providence
             ... invoked by an orc priest
              (7 damage)
             ... on level 4 of the Dungeon.
             The game lasted 00:11:15 (2928 turns).

Gremour the Slasher (Demonspawn Fighter)            Turns: 2928, Time: 00:11:17

Health: -6/61      AC: 22    Str: 16    XL:     5   Next: 64%
Magic:  5/5        EV:  2    Int: 10    God:
Gold:   145        SH:  9    Dex: 15    Spells: 4/4 levels left

rFire    . . .     SeeInvis .   a - +0 long sword
rCold    . . .     Gourm    .   c - +0 shield
rNeg     + + +     Faith    .   (armour currently unavailable)
rPois    +         Spirit   .   (helmet currently unavailable)
rElec    .         Reflect  .   (cloak currently unavailable)
rCorr    .         Harm     .   (gloves currently unavailable)
MR       .....     NoTele   +   (boots currently unavailable)
Stlth    +.........             (no amulet)
Regen    0.2/turn               (no ring)
MPRegen  0.1/turn               (no ring)

@: lethally poisoned (-6 -> -7), tree-form
A: agile 1, blurry vision 1, powered by pain 1
a: no special abilities


You were on level 4 of the Dungeon.
You were not hungry.
You were a tree.
You visited 1 branch of the dungeon, and saw 4 of its levels.

You collected 145 gold pieces.

Inventory:

Hand Weapons
 a - a +0 long sword (weapon)
Armour
 b - a +0 scale mail (melded)
 c - a +0 shield (worn)
 e - a +0 helmet (melded)
 i - a +0 pair of boots (melded)
Jewellery
 t - an uncursed amulet of magic regeneration {unknown}
 w - an uncursed ring of poison resistance {unknown}
Scrolls
 g - 4 scrolls of identify {unknown}
 j - 3 scrolls of remove curse {unknown}
 k - a scroll of random uselessness {unknown}
 n - a scroll of blinking {unknown}
 o - a scroll of recharging {unknown}
 p - a scroll of enchant armour {unknown}
 r - a scroll of amnesia {unknown}
 v - 2 scrolls of noise {unknown}
 y - a scroll of magic mapping {unknown}
Potions
 C - a potion of heal wounds {unknown}
Comestibles
 f - 3 bread rations
 l - 2 royal jellies
 q - 3 fruits
 x - a meat ration


   Skills:
 - Level 3.0 Fighting
 + Level 5.4 Long Blades
 - Level 2.6 Armour
 - Level 2.6 Shields


You had 4 spell levels left.
You didn't know any spells.

Dungeon Overview and Level Annotations

Branches:
Dungeon (4/15)
 Temple: D:4-7

Altars:
Dithmenos
Elyvilon
Makhleb
Sif Muna
Zin


Innate Abilities, Weirdness & Mutations

((You have sharp toenails.))
You sometimes gain a little power by taking damage.
You are agile. (Dex +2)
Scrolls take you a little longer to read.
((Your flesh is cold resistant. (rC+)))


Message History

You hit the scorpion.
The scorpion is heavily wounded.
You feel sick. Something hits you but does no damage.
The scorpion stings you but does no damage.
You hit the scorpion.
The scorpion is heavily wounded.
Something hits you but does no damage.
The scorpion stings you but does no damage.
Something hits you but does no damage.
You hit the scorpion.
The scorpion is severely wounded.
You block the scorpion's attack. Something hits you but does no damage.
You completely miss the scorpion.
The scorpion is severely wounded.
You feel sick. The scorpion stings you.
* * * LOW HITPOINT WARNING * * *
Something hits you but does no damage.
The orc priest calls down the wrath of Beogh upon you.
Beogh smites you!
You die...

#.# #.# # #.# _##
#.# ####o..###
#.# ##.s)......
#.###..##...##.
#.#_..## ._# ._
#.###os#######..#
#.# ##.♣.......#
#####.#
#####.#####
#.....# #.#'#
#.##### #...# #.#
#.### #.# #.# #.#
#.# ### #.# #.#
##.#######. #.#
#.# #..........


You could see a scorpion and an orc priest.

Vanquished Creatures
  A bullfrog (D:4)
  7 adders
  An ooze (D:3)
  3 worms
  2 dart slugs (D:1)
  2 orcs (D:4)
  11 bats
  4 giant cockroaches
  4 goblins (D:1)
  5 hobgoblins
  4 jackals (D:1)
  7 kobolds
  5 quokkas
  5 frilled lizards
  12 rats
73 creatures vanquished.

Notes
Turn   | Place    | Note
-------+----------+-------------------------------------------
     0 | D:1      | Gremour the Demonspawn Fighter began the quest for the Orb.
     0 | D:1      | Reached XP level 1. HP: 18/18 MP: 1/1
    25 | D:1      | Reached skill level 2 in Long Blades
   206 | D:1      | Gained mutation: You sometimes gain a little power by taking damage. [demonic ancestry]
   206 | D:1      | Reached XP level 2. HP: 24/24 MP: 2/2
   419 | D:1      | Reached skill level 3 in Long Blades
   519 | D:1      | Gained mutation: You have sharp toenails. [demonic ancestry]
   519 | D:1      | Reached XP level 3. HP: 26/29 MP: 3/3
   737 | D:2      | Found a glowing silver altar of Zin.
   799 | D:2      | Found a shadowy altar of Dithmenos.
  1386 | D:3      | Reached XP level 4. HP: 29/35 MP: 4/4
  1452 | D:3      | Reached skill level 4 in Long Blades
  1709 | D:3      | Found a deep blue altar of Sif Muna.
  2380 | D:3      | Reached XP level 5. HP: 28/41 MP: 5/5
  2814 | D:4      | Reached skill level 5 in Long Blades
  2888 | D:4      | Found a faded altar of an unknown god.
  2888 | D:4      | Found a burning altar of Makhleb.
  2894 | D:4      | Found a white marble altar of Elyvilon.
  2899 | D:4      | Found a faded altar of an unknown god.
  2921 | D:4      | Gained mutation: Your flesh is cold resistant. (rC+) [potion of mutation]
  2921 | D:4      | Gained mutation: Scrolls take you a little longer to read. [potion of mutation]
  2921 | D:4      | Gained mutation: You are agile. (Dex +2) [potion of mutation]
  2928 | D:4      | HP: 1/61 [scorpion (3)]
  2928 | D:4      | Killed from afar by an orc priest

Skill      XL: |  1  2  3  4  5 |
---------------+----------------+-----
Long Blades    | 2 3 4 5 |  5.4
Fighting       | |  3.0
Armour         | |  2.6
Shields        | |  2.6

Action                   |  1- 3 |  4- 6 || total
-------------------------+-------+-------++-------
Melee: Long sword        |   177 |   161 ||   338
       Kick              |     7 |       ||     7
  Use: Potion            |       |     8 ||     8
  Eat: Chunk             |     2 |     5 ||     7
Armor: Scale mail        |   101 |    79 ||   180
       Skin              |       |     9 ||     9
Dodge: Dodged            |    45 |    49 ||    94
Block: Shield            |    89 |    60 ||   149
       Rpst.: Long sword |    13 |    13 ||    26
